 Dungeon Crawl Stone Soup version 0.30-a0-996-ga6910c8ee8 (webtiles) character file.

Game seed: 16615867772030550234

134 qeuew the Poker (level 5, -4/43 HPs)
             Began as a Gnoll Reaver on Apr 4, 2023.
             Slain by a black bear (5 damage)
             ... on level 4 of the Dungeon.
             The game lasted 00:03:33 (2933 turns).

qeuew the Poker (Gnoll Reaver)                      Turns: 2933, Time: 00:03:36

Health: -4/43      AC:  3    Str: 10 (13) XL:     5   Next: 17%
Magic:  7/12       EV: 12    Int: 10 (12) God:
Gold:   244        SH:  0    Dex: 10 (11) Spells: 10/14 levels left

rFire   . . .      SeeInvis .    a - +0 spear
rCold   . . .      Faith    .    (no shield)
rNeg    . . .      Spirit   .    b - +0 leather armour
rPois   .          Reflect  .    (no helmet)
rElec   .          Rampage  .    (no cloak)
rCorr   .                        (no gloves)
Will    +....                    (no boots)
Stlth   +                        d - amulet of regeneration
HPRegen 1.07/turn                h - ring of flight
MPRegen 0.13/turn                k - ring of willpower

@: flying
A: fangs 1, strong nose, distributed training
a: no special abilities


You were on level 4 of the Dungeon.
You visited 1 branch of the dungeon, and saw 4 of its levels.

You collected 244 gold pieces.

Inventory:

Hand Weapons
 a - a +0 spear (weapon)
Armour
 b - a +0 leather armour (worn)
Jewellery
 d - an amulet of regeneration (around neck)
 h - a ring of flight (left hand)
 k - a ring of willpower (right hand)
Wands
 e - a wand of flame (24)
Scrolls
 c - a scroll of identify
 l - a scroll of blinking
Potions
 f - a potion of curing
 j - a potion of ambrosia


   Skills:
 + Level 4.7 Fighting
 + Level 1.4 Short Blades
 + Level 1.4 Long Blades
 + Level 1.4 Axes
 + Level 1.4 Maces & Flails
 + Level 6.7 Polearms
 + Level 1.4 Staves
 + Level 1.4 Ranged Weapons
 + Level 1.4 Throwing
 + Level 1.4 Armour
 + Level 4.7 Dodging
 + Level 1.4 Stealth
 + Level 1.4 Shields
 + Level 1.4 Unarmed Combat
 + Level 5.2 Spellcasting
 + Level 5.5 Conjurations
 + Level 1.1 Hexes
 + Level 1.1 Summonings
 + Level 1.1 Necromancy
 + Level 1.1 Translocations
 + Level 1.1 Transmutations
 + Level 1.1 Fire Magic
 + Level 1.1 Ice Magic
 + Level 1.1 Air Magic
 + Level 1.1 Earth Magic
 + Level 1.1 Poison Magic
 + Level 1.6 Invocations
 + Level 1.4 Evocations


You had 10 spell levels left.
You knew the following spells:

 Your Spells              Type           Power      Damage    Failure   Level
a - Kiss of Death         Conj/Necr      36%        2d8       8%          1
b - Momentum Strike       Conj/Tloc      18%        3d8       12%         2
c - Magic Dart            Conj           52%        1d5       3%          1

Your spell library contained the following spells:

 Spells                   Type           Power      Damage    Failure   Level
 Searing Ray              Conj           26%        2d5       4%          2
 Hailstorm                Conj/Ice       9%         3d4       22%         3
 Sublimation of Blood     Necr           4%         N/A       28%         2
 Fulminant Prism          Conj/Hex       4%         3d5       58%         4
 Cause Fear               Hex            2%         N/A       88%         4
 Petrify                  Tmut/Erth      4%         N/A       88%         4
 Irradiate                Conj/Tmut      4%         3d13      91%         5
 Dragon Form              Tmut           2%         N/A       100%        7
 Dragon's Call            Summ           2%         N/A       100%        9


Dungeon Overview and Level Annotations

Branches:
Dungeon (4/15)
 Temple: D:4-7

Altars:
Fedhas


Innate Abilities, Weirdness & Mutations

You have very sharp teeth.
Your uncanny sense of smell can sniff out nearby items.
Your experience applies equally to all skills.


Message History

The black bear closely misses you. The black bear misses you.
The black bear claws you but does no damage.
You hit the black bear.
The black bear is almost dead.
Your magical contamination has completely faded away.
A black bear is nearby!
You hit the black bear but do no damage.
The black bear is almost dead.
The black bear goes berserk!
The magic dart hits the black bear.
The black bear is almost dead.
The black bear bites you but does no damage.
The black bear barely misses you. x2; The black bear bites you!
The black bear claws you. x2
A black bear is nearby!
You are too injured to fight recklessly!
You are too injured to fight recklessly!
You are too injured to fight recklessly!
Aiming: Magic Dart (safe; 3% risk of failure)
Press: ? - help, Q - select action, (/) - cycle Shift-Dir - straight line, f/p - black bear
Aim: a black bear (almost dead, berserk, 100% to hit)
The magic dart hits the black bear.
The black bear is almost dead.
The black bear bites you!
* * * LOW HITPOINT WARNING * * *
The black bear closely misses you. The black bear claws you.
* * * LOW HITPOINT WARNING * * *
You hit the black bear but do no damage.
The black bear is almost dead.
The black bear closely misses you. The black bear misses you.
The black bear claws you.
* * * LOW HITPOINT WARNING * * *
You completely miss the black bear.
You bite the black bear, but do no damage.
The black bear is almost dead.
The black bear closely misses you. The black bear claws you.
* * * LOW HITPOINT WARNING * * *
The black bear claws you but does no damage.
The black bear bites you.
You die...

###.#####..
........... #.
###.#####.##.##.
# #.# ..... #
#.# #.##. # #.#
#.##. ###.#
#.##.## 8 #.#
#.##.h# # ..#
#.# #@# #####
###.###<##### 8#
#...........# ##
#.#####.###....
## #.## #.# ..
8# #..# #.#
###########.#
#..
##8##8##8##.#
##.
..........'.# .#


You could see a black bear (berserk).

Vanquished Creatures
  4 gnolls
  4 adders
  2 worms
  A dart slug (D:3)
  5 ball pythons
  6 endoplasms
  A giant cockroach (D:2)
  5 goblins (D:1)
  4 hobgoblins
  6 kobolds
  4 quokkas
  4 bats
  A frilled lizard (D:1)
  8 rats
55 creatures vanquished.

Notes
Turn   | Place    | Note
-------+----------+-------------------------------------------
     0 | D:1      | qeuew the Gnoll Reaver began the quest for the Orb.
     0 | D:1      | Reached XP level 1. HP: 20/20 MP: 6/6
   111 | D:1      | Reached XP level 2. HP: 25/26 MP: 7/7
   377 | D:1      | Found a faded altar of an unknown god.
   997 | D:1      | Reached skill level 5 in Spellcasting
   997 | D:1      | Reached XP level 3. HP: 24/31 MP: 7/9
  1000 | D:1      | Learned a level 2 spell: Momentum Strike
  1391 | D:2      | Found a blossoming altar of Fedhas.
  1461 | D:2      | Reached skill level 1 in Invocations
  1481 | D:1      | Reached skill level 1 in Short Blades
  1481 | D:1      | Reached skill level 1 in Long Blades
  1481 | D:1      | Reached skill level 1 in Axes
  1481 | D:1      | Reached skill level 1 in Maces & Flails
  1481 | D:1      | Reached skill level 1 in Staves
  1481 | D:1      | Reached skill level 1 in Ranged Weapons
  1481 | D:1      | Reached skill level 1 in Throwing
  1481 | D:1      | Reached skill level 1 in Armour
  1481 | D:1      | Reached skill level 1 in Stealth
  1481 | D:1      | Reached skill level 1 in Shields
  1481 | D:1      | Reached skill level 1 in Unarmed Combat
  1481 | D:1      | Reached skill level 1 in Evocations
  1551 | D:2      | Reached XP level 4. HP: 30/38 MP: 11/11
  1714 | D:2      | Reached skill level 1 in Hexes
  1714 | D:2      | Reached skill level 1 in Summonings
  1714 | D:2      | Reached skill level 1 in Necromancy
  1714 | D:2      | Reached skill level 1 in Translocations
  1714 | D:2      | Reached skill level 1 in Transmutations
  1714 | D:2      | Reached skill level 1 in Fire Magic
  1714 | D:2      | Reached skill level 1 in Ice Magic
  1714 | D:2      | Reached skill level 1 in Air Magic
  1714 | D:2      | Reached skill level 1 in Earth Magic
  1714 | D:2      | Reached skill level 1 in Poison Magic
  2206 | D:3      | Reached XP level 5. HP: 43/43 MP: 12/12
  2450 | D:3      | Learned a level 1 spell: Magic Dart
  2917 | D:4      | Noticed a black bear
  2933 | D:4      | HP: 1/43 [black bear (5)]
  2933 | D:4      | Slain by a black bear

Illustrated notes

Levels and vault maps discovered:
D:1:      wander_arrival_lonely_grave, layout_basic,
          shapermc_ecumenical_altar_mp_highgroup, st_stairs_11,
          chequers_big_river
D:2:      minmay_spotlight, layout_basic, basic_altar, amethyst_killhole
D:3:      layout_loops_ring
D:4:      layout_loops_ring, minmay_misc_feat_tiny, dk_noncrumbling_2,
          minmay_manual_maat

Skill      XL: |  1  2  3  4 |
---------------+-------------+-----
Spellcasting   | 5 |  5.2
Invocations    | 1 |  1.6
Short Blades   | 1 |  1.4
Long Blades    | 1 |  1.4
Axes           | 1 |  1.4
Maces & Flails | 1 |  1.4
Staves         | 1 |  1.4
Ranged Weapons | 1 |  1.4
Throwing       | 1 |  1.4
Armour         | 1 |  1.4
Stealth        | 1 |  1.4
Shields        | 1 |  1.4
Unarmed Combat | 1 |  1.4
Evocations     | 1 |  1.4
Hexes          | 1 |  1.1
Summonings     | 1 |  1.1
Necromancy     | 1 |  1.1
Translocations | 1 |  1.1
Transmutations | 1 |  1.1
Fire Magic     | 1 |  1.1
Ice Magic      | 1 |  1.1
Air Magic      | 1 |  1.1
Earth Magic    | 1 |  1.1
Poison Magic   | 1 |  1.1
Fighting       | |  4.7
Polearms       | |  6.7
Dodging        | |  4.7
Conjurations   | |  5.5

Action                     |  1- 3 |  4- 6 || total
---------------------------+-------+-------++-------
  Melee: Spear             |   114 |   121 ||   235
         Bite              |    10 |    14 ||    24
         Punch             |     1 |     2 ||     3
   Cast: Magic Dart        |       |    14 ||    14
    Use: Scroll            |       |     6 ||     6
         Potion            |       |     6 ||     6
   Stab: Sleeping          |       |     3 ||     3
 Armour: Leather armour    |     9 |    20 ||    29
  Dodge: Dodged            |    38 |    56 ||    94

Table legend: (Time is in decaauts)
 A = Elapsed time spent in this place.
 B = Non-inter-level travel time spent in this place.
 C = Inter-level travel time spent in this place.
 D = Time resting spent in this place.
 E = Time spent auto-exploring this place.
 F = Levels seen in this place.
 G = Mean time per level.
                   A        B        C        D        E       F      G
               +--------+--------+--------+--------+--------+-----+--------+
         Total |   2889 |   2790 |     99 |      0 |   2365 |   4 |  722.2 |
       Dungeon |   2889 |   2790 |     99 |      0 |   2365 |   4 |  722.2 |
               +--------+--------+--------+--------+--------+-----+--------+

Top non-repeatable levels by time:
     D:1: 1363 daAuts
     D:3: 803 daAuts
     D:2: 586 daAuts
     D:4: 136 daAuts
